Cogmind - Beta 14 *** ADVENTURER MODE // 2025.03.01 @ 14:09:15 Player: tycho Result: Self-destructed Performance ------------- Evolutions (5) 2500 Regions Visited (8) 1600 Robots Destroyed (159) 795 Value Destroyed (5467) 5467 Prototype IDs (10) 200 Alien Tech Used (0) 0 Bonus (948) 948 TOTAL SCORE: 11510 Bonus ------- High Alert Combat Kills 248 Entered Garrisons 200 Used RIF Installer 500 Cogmind --------- Core Integrity 587/1000 Matter 300/300 Energy 100/100 System Corruption 8% Temperature Cool (0) Movement Core (150) Ox2 Location -5/Factory Parts ------- > --- POWER (1) -------- (None) > --- PROPULSION (5) --- (None) > --- UTILITY (8) ------ Small Storage Unit Improved Signal Interpreter Hacking Suite Relay Coupler [Grunt] (6) > --- WEAPON (3) ------- Heavy Pick > --- INVENTORY (8) ---- Angular Momentum Engine VTOL Module Advanced Heat Sink Improved Sensor Array Transmission Jammer Improved Remote Datajack Peak State ------------ > --- POWER ------------ Light Fission Core > --- PROPULSION ------- Surge Thruster Surge Thruster Surge Thruster Xenon Bombardment Thruster Nuclear Pulse Thruster > --- UTILITY ---------- Improved Matter Compressor Triangulator Improved Sensor Array Improved Signal Interpreter Melee Analysis Suite Hacking Suite Relay Coupler [NC] Relay Coupler [Grunt] > --- WEAPON ----------- Remote Datajack Plasma Sword Plasma Sword > --- INVENTORY -------- Xenon Bombardment Thruster Small Storage Unit Transmission Jammer Hacking Suite Improved Remote Datajack [Rating: 70] Favorites ----------- Power Improved Ion Engine Engine Improved Ion Engine Power Core Light Nuclear Core Reactor Cold Fusion Reactor Propulsion Surge Thruster Treads Armored Treads Flight Unit Surge Thruster Utility Large Storage Unit Device Cooling System Storage Large Storage Unit Processor Improved Signal Interpreter Hackware Hacking Suite Protection Improved Light Armor Plating Weapon Particle Gun Energy Gun Particle Gun Energy Cannon Heavy Particle Cannon Ballistic Gun Flak Gun Special Weapon Remote Datajack Slashing Weapon Chainsword Piercing Weapon Spear Special Melee Weapon Improved Datajack Build | -11 -10 -9 -8 -8 -8 -7 -6 -5 ------- Run | Yrd Mat Mat Mat Gar Mat Fac Fac Fac Slots Evolved 10 | . . 2 2 . . 2 2 2 Power . | . . . . . . . . . Propulsion 3 | . . 1 . . . 1 1 . Utility 6 | . . 1 1 . . 1 1 2 Weapon 1 | . . . 1 . . . . . Parts Attached 131 | 6 7 11 17 4 10 33 13 30 Power 26 | 1 . 1 . 2 2 7 7 6 Engine 13 | 1 . 1 . 2 2 2 2 3 Core 12 | . . . . . . 5 4 3 Reactor 1 | . . . . . . . 1 . Propulsion 33 | 2 1 2 5 1 2 12 2 6 Treads 13 | 2 1 2 5 1 2 . . . Leg . | . . . . . . . . . Wheel . | . . . . . . . . . Hover . | . . . . . . . . . Flight 20 | . . . . . . 12 2 6 Utility 36 | 1 5 4 6 1 3 6 2 8 Device 15 | . 2 1 4 1 1 1 1 4 Storage 6 | 1 3 . . . . . . 2 Processor 3 | . . . . . . 1 1 1 Hackware 5 | . . . . . . 4 . 1 Protection 7 | . . 3 2 . 2 . . . Artifact . | . . . . . . . . . Weapon 36 | 2 1 4 6 . 3 8 2 10 Energy Gun 12 | 2 1 4 3 . 1 . . 1 Energy Cannon 3 | . . . 1 . 2 . . . Ballistic Gun 4 | . . . 2 . . 2 . . Ballistic Cannon . | . . . . . . . . . Launcher . | . . . . . . . . . Special Weapon 5 | . . . . . . 2 . 3 Impact Weapon . | . . . . . . . . . Slashing Weapon 7 | . . . . . . 1 2 4 Piercing Weapon 3 | . . . . . . 1 . 2 Special Melee Weapon 2 | . . . . . . 2 . . Unidentified Prototypes 6 | . . 1 . . . 1 2 2 Parts Lost 23 | . . . 1 1 . 3 . 18 Power 4 | . . . . 1 . . . 3 Propulsion 10 | . . . . . . 3 . 7 Utility 5 | . . . . . . . . 5 Weapon 4 | . . . 1 . . . . 3 Highest Loss Streak 11 | . . . 1 1 . 1 . 11 To Critical Strikes . | . . . . . . . . . Average Slot Usage (%) 97 | . 98 90 99 99 100 96 99 97 Engine 6 | . 14 11 9 8 9 . . 1 Core 1 | . . . . . . 6 5 3 Treads 17 | . 27 24 26 27 27 . . . Flight 9 | . . . . . . 28 33 27 Device 12 | . 12 11 18 18 18 7 6 8 Storage 7 | . 14 11 9 9 9 . . 4 Processor 3 | . . . . . . 6 13 10 Hackware 7 | . . . . . . 22 20 19 Protection 5 | . . 11 9 9 9 . . . Energy Gun 11 | . 28 22 24 9 9 . . . Energy Cannon 2 | . . . . 9 9 . . . Ballistic Gun 3 | . . . 2 9 9 4 . . Special Weapon 1 | . . . . . . 6 6 4 Slashing Weapon 1 | . . . . . . 1 5 7 Piercing Weapon 1 | . . . . . . 6 6 2 Peak Build Rating 70 | 6 9 17 30 32 32 42 53 70 Average Rating 32 | 4 8 13 23 31 31 38 49 61 On Entrance 24 | . 6 9 17 30 32 32 42 52 Naked Turns . | . . . . . . . . . Heaviest Build 51 | 14 31 38 47 46 51 51 16 22 Greatest Support 66 | 40 40 63 66 66 63 63 21 25 Greatest Overweight (x) 3 | . . . . . . 1 . 3 Average Overweight (x) . | . . . . . . . . . Largest Inventory Capacity 25 | 8 25 15 15 15 15 15 5 8 Average Capacity 11 | 7 12 15 15 15 15 5 5 6 Most Carried 15 | 2 13 15 15 15 15 15 5 7 Average Carried 10 | 1 9 13 14 14 14 4 4 5 Final Capacity 15 | 8 15 15 15 15 15 5 5 8 Final Carried 15 | 2 13 15 15 15 15 5 5 6 Class Distribution -------------------- 39% | Tank 23% | Hacker-Sprinter 22% | Mutant 6% | Scavenger-Sprinter 3% | Scavenger-Tank Dominant Class ---------------- Mutant | -10/Materials Mutant | -9/Materials Tank | -8/Materials Tank | -8/Garrison Tank | -8/Materials Scavenger-Sprinter | -7/Factory Hacker-Sprinter | -6/Factory Hacker-Sprinter | -5/Factory Resources | -11 -10 -9 -8 -8 -8 -7 -6 -5 ----------- Run | Yrd Mat Mat Mat Gar Mat Fac Fac Fac Matter Collected 1918 | 249 52 163 185 215 244 323 170 317 Remotely . | . . . . . . . . . Salvage Created 6371 | . 782 1089 1403 580 735 448 159 1175 Parts 323 | . 31 44 77 40 52 22 9 48 Haulers Intercepted 5 | . 1 1 2 . . . . 1 Recyclers Shooed 12 | . 5 3 1 . 2 . . 1 Parts Field Recycled . | . . . . . . . . . Retrieved Matter . | . . . . . . . . . Parts Self-Destructed . | . . . . . . . . . Prevented . | . . . . . . . . . Kills | -11 -10 -9 -8 -8 -8 -7 -6 -5 ------- Run | Yrd Mat Mat Mat Gar Mat Fac Fac Fac Combat Hostiles Destroyed 114 | . 9 20 29 16 13 7 4 16 Melee 26 | . . . . . . 7 4 15 Guns 73 | . 9 19 26 10 8 . . 1 Cannons 11 | . . . . 6 5 . . . Classes Destroyed 14 | . 6 2 2 2 1 1 . . Worker 6 | . 1 . 1 . 3 . . 1 Builder 3 | . . . 2 . 1 . . . Hauler 5 | . 1 1 2 . . . . 1 Recycler 11 | . 5 3 1 . . 1 . 1 Mechanic 1 | . . . . . 1 . . . Operator 2 | . . . 1 . 1 . . . Watcher 17 | . 2 2 4 1 4 . 1 3 Swarmer 29 | . 3 3 11 4 2 . 3 3 Cutter 2 | . . . . 2 . . . . Grunt 48 | . 6 12 15 4 3 2 . 6 Brawler 2 | . . . . 1 . . . 1 Duelist 2 | . . 1 . . . . . 1 Sentry 23 | . . 4 3 5 8 3 . . Programmer 8 | . . . . . . 2 1 5 Best Kill Streak 10 | . 3 5 10 4 3 3 3 5 Combat Bots Only 8 | . 3 3 8 4 3 3 3 3 Max Kills in Single Turn 2 | . 1 2 2 1 1 1 1 1 Gunslinging 1 | . . . 1 . . . . . Exploded . | . . . . . . . . . Melee 1 | . . . . . . 1 1 1 Uniques/NPCs Destroyed . | . . . . . . . . . Combat | -11 -10 -9 -8 -8 -8 -7 -6 -5 -------- Run | Yrd Mat Mat Mat Gar Mat Fac Fac Fac Hostile Shots Fired 546 | . 44 59 95 51 33 115 25 124 Missed 183 | . 8 19 28 17 10 47 8 46 Damage Taken 4000 | . 288 348 616 373 236 512 199 1428 Core 862 | . 80 59 63 67 27 127 26 413 Absorbed by Shields . | . . . . . . . . . Ignored by Resistances 1172 | . 91 110 186 107 70 158 59 391 Regen/Repaired (Parts) 421 | . 60 105 53 . 4 41 . 158 Core Remaining (%) 83 | 100 68 85 . . 71 81 96 . Volleys Fired 252 | . 45 56 66 32 35 4 . 14 Largest 3 | . 2 2 3 3 3 1 . 1 Hottest 186 | . 115 115 186 168 168 28 . 60 Shots Fired 598 | . 89 107 187 96 101 4 . 14 Gun 523 | . 89 107 187 64 66 1 . 9 Cannon 67 | . . . . 32 35 . . . Launcher . | . . . . . . . . . Special 8 | . . . . . . 3 . 5 Kinetic 78 | . . . 10 32 35 1 . . Thermal 434 | . 75 91 138 64 66 . . . Explosive . | . . . . . . . . . Electromagnetic 78 | . 14 16 39 . . . . 9 Robot Hit Streak 27 | . 23 23 27 19 20 10 . 11 Robot Miss Streak 5 | . 2 5 2 2 4 . . 1 Penetration Max . | . . . . . . . . . Secondary Targets 11 | . 4 3 4 . . . . . Max Gunslinging Chain 1 | . 1 1 1 . . . . . Shots Hit Robots 544 | . 71 83 144 54 72 39 12 69 Core Hits 283 | . 31 45 71 37 54 12 6 27 Critical Kills . | . . . . . . . . . Critical Parts Destroyed . | . . . . . . . . . Critical Strikes 23 | . 1 4 6 1 2 2 . 7 Burn 14 | . 1 4 6 1 2 . . . Corrupt 1 | . . . . . . . . 1 Sever 4 | . . . . . . . . 4 Impale 4 | . . . . . . 2 . 2 Melee Attacks 124 | . . . . . . 41 14 69 Impact . | . . . . . . . . . Slashing 71 | . . . . . . 5 11 55 Piercing 52 | . . . . . . 35 3 14 Sneak Attacks 8 | . . . . . . 3 . 5 Combat Hostiles 3 | . . . . . . 2 . 1 Follow-up Attacks 7 | . . . . . . . 1 6 Damage Inflicted 12066 | . 967 1340 2448 1138 1499 1133 486 3055 Guns 6328 | . 940 1302 2373 688 827 33 . 165 Cannons 1066 | . . . . 450 616 . . . Explosions . | . . . . . . . . . Melee 4464 | . . . . . . 1100 486 2878 Ramming 208 | . 27 38 75 . 56 . . 12 Kinetic 1011 | . . . 172 329 477 33 . . Thermal 5060 | . 782 1005 1498 809 966 . . . Explosive . | . . . . . . . . . Electromagnetic 1323 | . 158 297 703 . . . . 165 Impact . | . . . . . . . . . Slashing 2859 | . . . . . . . 457 2402 Piercing 1605 | . . . . . . 1100 29 476 Highest Corruption 8 | . 1 . . . . 1 6 8 Average Corruption 1 | . 1 . . . . 1 2 4 Corruption Purged . | . . . . . . . . . Corruption Blocked . | . . . . . . . . . Effects 12 | . 1 . . . . 6 5 . Message Errors 4 | . . . . . . 2 2 . Matter Fused 3 | . 1 . . . . 1 1 . Energy Discharges 4 | . . . . . . 2 2 . Data Loss (minor) 1 | . . . . . . 1 . . Overload Shots . | . . . . . . . . . Overflow Damage 403 | . . . . . 2 65 19 317 Projectiles 2 | . . . . . 2 . . . Explosions . | . . . . . . . . . Melee 401 | . . . . . . 65 19 317 Knockbacks 1 | . . . . . 1 . . . Impact 1 | . . . . . 1 . . . Kinetic . | . . . . . . . . . Secondary . | . . . . . . . . . Self-Inflicted Damage 6 | . . . . . . . . 6 Shots . | . . . . . . . . . Rammed 37 | 1 9 9 10 . 6 . . 2 Targets Rammed 43 | 1 10 10 11 . 9 . . 2 Kicked . | . . . . . . . . . Crushed 6 | . 1 1 1 . 3 . . . Highest Temperature 378 | . 312 378 266 30 6 5 1 359 Average Temperature 54 | . 79 59 34 8 3 4 1 85 Received Heat Transfer 1284 | . 138 177 351 207 90 165 . 156 Effects 8 | . 1 3 1 . . . . 3 Shutdowns 1 | . . 1 . . . . . . Energy Bleed 3 | . 1 1 1 . . . . . Interference 3 | . . . . . . . . 3 Matter Decay 1 | . . 1 . . . . . . Siege Activations . | . . . . . . . . . Robots Corrupted . | . . . . . . . . . Combat Hostiles . | . . . . . . . . . Parts Fried 5 | . . 1 1 . . . . 3 Impact Corruptions . | . . . . . . . . . Robots Melted 5 | . 1 1 3 . . . . . Combat Hostiles 4 | . . 1 3 . . . . . Parts Melted 37 | . 8 8 12 1 8 . . . Heat Transferred 12839 | . 2257 2886 4144 1591 1961 . . . Parts Sabotaged . | . . . . . . . . . Parts Stolen . | . . . . . . . . . Parts Stripped . | . . . . . . . . . Power Chain Reactions 1 | . . 1 . . . . . . Alert | -11 -10 -9 -8 -8 -8 -7 -6 -5 ------- Run | Yrd Mat Mat Mat Gar Mat Fac Fac Fac Peak Influence 839 | . 222 346 552 839 401 175 128 228 Initial 352 | . . 27 94 262 352 17 1 3 Average 201 | . 77 199 375 601 188 53 32 61 Maximum Alert Level 3 | . 1 1 2 3 2 . . 1 Low Security (%) 61 | 100 89 49 14 . 53 100 100 94 Level 1 22 | . 10 50 30 22 45 . . 5 Level 2 12 | . . . 54 41 1 . . . Level 3 3 | . . . . 36 . . . . Level 4 . | . . . . . . . . . Level 5 . | . . . . . . . . . High Security . | . . . . . . . . . Max Security . | . . . . . . . . . Squads Dispatched 23 | . . 1 5 . 2 4 3 8 Investigation 11 | . . . 4 . 2 2 1 2 Extermination 6 | . . . . . . 2 2 2 Reinforcement 3 | . . 1 1 . . . . 1 Assault . | . . . . . . . . . Garrison 3 | . . . . . . . . 3 Intercept . | . . . . . . . . . Searches Triggered . | . . . . . . . . . Construction Impeded . | . . . . . . . . . Haulers Reinforced . | . . . . . . . . . Active Scanning Responses . | . . . . . . . . . Cargo Convoy Interrupts 1 | . . . . . . . . 1 Stealth | -11 -10 -9 -8 -8 -8 -7 -6 -5 --------- Run | Yrd Mat Mat Mat Gar Mat Fac Fac Fac Distress Signals 9 | . 1 3 . 1 1 2 . 1 Communications Jammed . | . . . . . . . . . Distress Signals . | . . . . . . . . . Times Spotted 184 | . 13 27 42 17 21 13 6 45 Peak Tracking Total 8 | . 3 5 8 7 3 3 4 8 Tactical Retreats 14 | . 2 . 5 1 1 2 . 3 Traps | -11 -10 -9 -8 -8 -8 -7 -6 -5 ------- Run | Yrd Mat Mat Mat Gar Mat Fac Fac Fac Traps Triggered 5 | . 1 . 1 1 . 1 1 . Indirectly . | . . . . . . . . . Trap Hack Attempts . | . . . . . . . . . Triggered . | . . . . . . . . . Disarmed 6 | . . . . . . . 6 . Reprogrammed . | . . . . . . . . . Reused . | . . . . . . . . . Traps Extracted . | . . . . . . . . . Installed . | . . . . . . . . . Triggered 1 | . . . 1 . . . . . Machines | -11 -10 -9 -8 -8 -8 -7 -6 -5 ---------- Run | Yrd Mat Mat Mat Gar Mat Fac Fac Fac Machines Disabled 3 | . . . . 3 . . . . Max in Single Turn 1 | . . . . 1 . . . . Garrison Access 2 | . . . . . . . 1 1 Garrison Relay 3 | . . . . 3 . . . . Machines Repaired . | . . . . . . . . . Machines Dismantled . | . . . . . . . . . Machines Sabotaged . | . . . . . . . . . Overloaded Fab Kills . | . . . . . . . . . Hacking | -11 -10 -9 -8 -8 -8 -7 -6 -5 --------- Run | Yrd Mat Mat Mat Gar Mat Fac Fac Fac Machines Accessed 48 | . 2 3 7 2 9 9 10 6 Terminals 27 | . 1 2 3 2 6 4 6 3 Fabricators 3 | . . . . . . 2 1 . Repair Stations 8 | . 1 1 1 . 1 1 1 2 Recycling Units . | . . . . . . . . . Scanalyzers 7 | . . . 2 . 2 2 1 . Garrison Access 3 | . . . 1 . . . 1 1 Total Hacks 133 | . 6 7 23 5 24 20 30 18 Successful 83 | . 4 4 16 1 16 14 16 12 Failed 50 | . 2 3 7 4 8 6 14 6 Catastrophic 4 | . . . 1 . . 2 1 . Database Lockouts . | . . . . . . . . . Manual 2 | . . . . . . 1 . 1 Terminals 68 | . 2 5 9 5 13 7 18 9 Fabricators 9 | . . . . . . 6 3 . Repair Stations 24 | . 4 2 3 . 2 2 3 8 Recycling Units . | . . . . . . . . . Scanalyzers 28 | . . . 9 . 9 5 5 . Garrison Access 4 | . . . 2 . . . 1 1 Terminal Hacks 28 | . . 2 4 1 6 5 6 4 Record 2 | . . . . . . 1 . 1 Part Schematic 1 | . . . . . . . 1 . Robot Analysis 1 | . . . . . 1 . . . Prototype ID Bank 2 | . . . 1 . 1 . . . Emergency Access Points 3 | . . 1 1 . . 1 . . Machine Index 1 | . . . . . 1 . . . Garrison Index 1 | . . . . . . 1 . . Alert Level 1 | . . . . . . . . 1 Unreport Threat 2 | . . . . . 1 . 1 . Locate Traps 5 | . . . . . . 1 2 2 Disarm Traps 1 | . . . . . . . 1 . Dispatch Records 1 | . . . . . . . 1 . Recall Investigation 1 | . . . 1 . . . . . Zone Layout 5 | . . 1 1 . 2 1 . . Patrol Navigation 1 | . . . . 1 . . . . Fabricator Hacks 7 | . . . . . . 4 3 . Network Status 1 | . . . . . . . 1 . Load Schematic 3 | . . . . . . 2 1 . Build 3 | . . . . . . 2 1 . Repair Station Hacks 20 | . 4 2 2 . 2 2 1 7 Scan Component 11 | . 2 1 1 . 1 1 1 4 Repair 9 | . 2 1 1 . 1 1 . 3 Recycling Unit Hacks . | . . . . . . . . . Scanalyzer 25 | . . . 9 . 8 3 5 . Insert Component 14 | . . . 5 . 4 2 3 . Analyze 11 | . . . 4 . 4 1 2 . Garrison Access Hacks 3 | . . . 1 . . . 1 1 Unlock Access 1 | . . . 1 . . . . . Seal Access 2 | . . . . . . . 1 1 Unauthorized Hacks . | . . . . . . . . . Terminals . | . . . . . . . . . Fabricators . | . . . . . . . . . Repair Stations . | . . . . . . . . . Recycling Units . | . . . . . . . . . Scanalyzers . | . . . . . . . . . Garrison Access . | . . . . . . . . . Data Cores Recovered 1 | . . . . . 1 . . . Used . | . . . . . . . . . Hacking Detections 35 | . 2 1 6 2 5 8 7 4 Full Trace Events 11 | . . . 4 . 2 2 1 2 Feedback Events . | . . . . . . . . . Feedback Blocked . | . . . . . . . . . Robot Schematics Acquired . | . . . . . . . . . Robots Built . | . . . . . . . . . Authchips . | . . . . . . . . . Time . | . . . . . . . . . Total Robot Build Rating . | . . . . . . . . . Part Schematics Acquired 11 | . . . 4 . 3 1 3 . Parts Built 4 | . . . . . . 4 . . Authchips . | . . . . . . . . . Time 182 | . . . . . . 109 73 . Total Part Build Rating 12 | . . . . . . 12 . . Parts Repaired 9 | . 2 1 1 . 1 1 . 3 Time 286 | . 52 26 16 . 53 19 . 120 Parts Recycled . | . . . . . . . . . Recycled Matter . | . . . . . . . . . Retrieved Matter . | . . . . . . . . . Retrieved Components . | . . . . . . . . . Parts Scanalyzed 12 | . . . 4 . 4 2 2 . Part Schematics Acquired 10 | . . . 4 . 3 1 2 . Parts Damaged 2 | . . . 1 . 1 . . . Bothacking | -11 -10 -9 -8 -8 -8 -7 -6 -5 ------------ Run | Yrd Mat Mat Mat Gar Mat Fac Fac Fac Used RIF Installer 1 | . . . . 1 . . . . Robots Hacked 6 | . . . . . . 3 . 3 Non-combat 2 | . . . . . . 2 . . Combat 4 | . . . . . . 1 . 3 Robot Hacks Applied 8 | . . . . . . 4 . 4 parse_system 1 | . . . . . . 1 . . deconstruct_machine 1 | . . . . . . 1 . . link_fov 1 | . . . . . . 1 . . overload_power 1 | . . . . . . . . 1 go_dormant 1 | . . . . . . . . 1 overwrite_iff 2 | . . . . . . . . 2 streamctrl_low 1 | . . . . . . 1 . . Relay Couplers Released 11 | . . . . 11 . . . . Machine Destruction 11 | . . . . 11 . . . . Attached 3 | . . . . . . 3 . . Fabnet Peak Effective % . | . . . . . . . . . Robots Rewired . | . . . . . . . . . Allies Hacked . | . . . . . . . . . Hacks Repelled . | . . . . . . . . . Allies | -11 -10 -9 -8 -8 -8 -7 -6 -5 -------- Run | Yrd Mat Mat Mat Gar Mat Fac Fac Fac Total Allies 5 | . . . . . . 4 . 1 Largest Group 3 | . . . . . . 3 . 1 Highest-Rated Group 93 | . . . . . . 93 . 25 Highest-Rated Ally 31 | . . . . . . 31 . 25 Total Orders 1 | . . . . . . 1 . . ROAM 1 | . . . . . . 1 . . Ally Attacks 16 | . . . . . . 16 . . Total Damage 215 | . . . . . . 215 . . Kills 1 | . . . . . . 1 . . Allies Corrupted . | . . . . . . . . . Allies Melted . | . . . . . . . . . Intel | -11 -10 -9 -8 -8 -8 -7 -6 -5 ------- Run | Yrd Mat Mat Mat Gar Mat Fac Fac Fac Robot Analysis Total 1 | . . . . . 1 . . . Derelict Logs Recovered . | . . . . . . . . . Drone Launches . | . . . . . . . . . Drone Recoveries . | . . . . . . . . . Exploration | -11 -10 -9 -8 -8 -8 -7 -6 -5 ------------- Run | Yrd Mat Mat Mat Gar Mat Fac Fac Fac Turns Passed 10345 | 100 1163 1156 1455 1146 1809 1376 658 1482 Spaces Moved 8515 | 56 562 531 706 605 957 1957 1731 1410 Core 2 | 1 . . . . . . . 1 Treads 3421 | 55 562 531 706 605 957 5 . . Legs . | . . . . . . . . . Wheels . | . . . . . . . . . Hover . | . . . . . . . . . Flight 5092 | . . . . . . 1952 1731 1409 Fastest Speed 24 | 50 160 160 160 163 166 26 24 25 Average Speed 82 | 158 160 160 161 165 166 31 24 31 Slowest Speed 200 | 160 160 160 163 166 166 166 25 200 Overloaded Moves . | . . . . . . . . . Propulsion Burnouts . | . . . . . . . . . Robots Hopped 9 | . . . . . . 2 4 3 Cave-ins Triggered . | . . . . . . . . . Exploration Rate (%) 35 | 4 63 34 48 52 55 25 28 13 Regions Visited 8 Branch Regions . Pre-discovered Areas . | . . . . . . . . . Known Exits Taken 3 | . . . 1 . . 1 1 . Unknown Exits Taken 4 | 1 1 1 . . 1 . . . Scrap Searched . | . . . . . . . . . Spaces Dug 5 | . . . . . . 5 . . Terrain Destroyed 11 | . . 3 . . 3 5 . . Melee 5 | . . . . . . 5 . . Projectile 3 | . . . . . 3 . . . AOE 3 | . . 3 . . . . . . Terrain Rammed . | . . . . . . . . . Walls Destroyed . | . . . . . . . . . Machines Disabled . | . . . . . . . . . Actions | -11 -10 -9 -8 -8 -8 -7 -6 -5 --------- Run | Yrd Mat Mat Mat Gar Mat Fac Fac Fac Total 11098 | 64 731 725 877 689 1103 2646 1942 2321 Wait 1910 | . 91 105 57 23 74 582 182 796 Move 8489 | 56 561 530 705 603 956 1952 1722 1404 Hop 9 | . . . . . . 2 4 3 Pick Up 58 | 2 12 5 6 13 5 8 3 4 Fast Attach 34 | 6 4 2 2 . . 12 2 6 Attach 21 | . 1 1 2 1 . 7 2 7 Detach 9 | . 2 . . . . 5 . 2 Swap 76 | . 2 8 13 3 10 14 9 17 Drop 87 | . 3 8 15 14 14 19 7 7 Fire 252 | . 45 56 66 32 35 4 . 14 Melee 111 | . . . . . . 41 11 59 Ram 2 | . . . . . . . . 2 Kick . | . . . . . . . . . Crush 40 | . 10 10 11 . 9 . . . Escape Stasis . | . . . . . . . . . Rewire . | . . . . . . . . . Trap . | . . . . . . . . . Miscellaneous . | . . . . . . . . . Route ------- -11/Scrapyard -10/Materials (discovered 3 exits: *Mat x2 / [*Min]) -9/Materials -8/Materials (discovered 3 exits: *Fac x2 / Gar) -8/Garrison (discovered 2 exits: *Mat x2) -8/Materials (discovered 2 exits: *Fac x2) -7/Factory -6/Factory -5/Factory History --------- Turn | Location | Event 39 | -11/Scrapyard | Discovered new exit (range 16) 101 | -11/Scrapyard | Entered Materials 307 | -10/Materials | Build established: Mutant 324 | -10/Materials | Discovered new exit (range 12) 604 | -10/Materials | Discovered new exit (range 3) 1148 | -10/Materials | Discovered new exit (range 16) 1209 | -10/Materials | Repaired Heat Sink 1237 | -10/Materials | Repaired Lgt. Treads 1264 | -10/Materials | Entered another Materials area 1264 | -9/Materials | Evolved 2 slots: Propulsion x1, Utility x1 1950 | -9/Materials | Repaired Lgt. Treads 2340 | -9/Materials | Discovered new exit (range 16) 2420 | -9/Materials | Entered another Materials area 2420 | -8/Materials | Evolved 2 slots: Utility x1, Weapon x1 2761 | -8/Materials | Destroyed 8 combat bots 2845 | -8/Materials | Build established: Scavenger-Tank 2956 | -8/Materials | Repaired Imp. Treads 3167 | -8/Materials | Build established: Tank 3167 | -8/Materials | Discovered new exit (range 15) 3744 | -8/Materials | Discovered new exit (range 16) 3874 | -8/Materials | Identified exit to Garrison 3875 | -8/Materials | Entered Garrison 3929 | -8/Garrison | Triggered checkpoint 3991 | -8/Garrison | Garrison Relay disabled 4103 | -8/Garrison | Triggered checkpoint 4110 | -8/Garrison | Triggered checkpoint 4281 | -8/Garrison | Discovered new exit (range 13) 4355 | -8/Garrison | Triggered checkpoint 4426 | -8/Garrison | Garrison Relay disabled 4573 | -8/Garrison | Triggered checkpoint 4759 | -8/Garrison | Discovered new exit (range 14) 4803 | -8/Garrison | Triggered checkpoint 4832 | -8/Garrison | Installed Relay Interface Framework 4873 | -8/Garrison | Garrison Relay disabled 5021 | -8/Garrison | Entered Materials 5368 | -8/Materials | Repaired Broken Imp. Sensor Array 6132 | -8/Materials | Discovered new exit (range 16) 6743 | -8/Materials | Discovered new exit (range 4) 6830 | -8/Materials | Entered Factory 6830 | -7/Factory | Evolved 2 slots: Propulsion x1, Utility x1 7138 | -7/Factory | Build established: Scavenger-Sprinter 7301 | -7/Factory | Allied Derelicts emerged from ambush trap array 7664 | -7/Factory | Fabricated Surge Thruster (x2) 7812 | -7/Factory | Fabricated Surge Thruster (x2) 7926 | -7/Factory | Repaired Lgt. Nuclear Core 8116 | -7/Factory | Build established: Hacker-Sprinter 8202 | -7/Factory | Discovered new exit (range 6) 8206 | -7/Factory | Identified exit to Factory 8206 | -7/Factory | Entered another Factory area 8206 | -6/Factory | Evolved 2 slots: Propulsion x1, Utility x1 8262 | -6/Factory | Spotted B-75 Beast 8788 | -6/Factory | Discovered new exit (range 8) 8863 | -6/Factory | Identified exit to Factory 8864 | -6/Factory | Entered another Factory area 8864 | -5/Factory | Evolved 2 slots: Utility x2 8947 | -5/Factory | Repaired Remote Datajack 9261 | -5/Factory | Repaired Surge Thruster 9300 | -5/Factory | Repaired Surge Thruster 9708 | -5/Factory | Garrison activated, responded to threat 10314 | -5/Factory | Cargo convoy interrupted 10346 | -5/Factory | Self-destructed Last Messages --------------- 10332_ Destroyed Antigrav System. 10333_ M-28 Smith repairs R-10 Processor. 10333_ VTOL Module destroyed. 10334_ Slug penetrates Wall. 10335_ R-10 Processor collects Prototype Ballistic Gun. 10335_ P-70 Sage destroyed. 10337_ Slug penetrates Wall. 10337_ R-10 Processor collects Imp. Heat Sink. 10338_ R-10 Processor collects Mic. Fission Core. 10339_ Wall collapses. 10340_ Penetrated by Slug. 10340_ Slug penetrates R-10 Processor. 10342_ M-28 Smith repairs Imp. Heat Sink. 10342_ Slug penetrates Wall. 10342_ R-10 Processor collects Prototype Ballistic Gun. 10345_ M-28 Smith repairs Com. Wheel. 10345_ Penetrated by Slug. 10345_ Plasma Sword destroyed. 10346_ Hacking Suite destroyed. 10346_ R-10 Processor collects Imp. Target Analyzer. Map ----- +----------------------------------------------------+ | "# #### % #??????????????????????? | | # ## #??????????????????????? | | # % ## #??????????????????????? | | #% ## #??????????????????????? | | /% ## #??????????????????????? | | #% ## #??????????????????????? | | # ## " #??????????????????????? | | # ## " #??????????????????????? | | # ## " % #??????????????????????? | | """"# ##""#" #+###"##??????????????????????? | | ##### [ ##???????????????????????? | | ????# !^ ^[[ #????????????????????????? | | ????# ^ ^ #????????????????????????? | | ????# #????????????????????????? | | ????# """""" #????????????????????????? | | ????# ^ """""" #????????????????????????? | | ????# ^ """""" ########?????????????????? | | ????# """""" #?????????????????? | | ????# "T" #?????????????????? | | ????# """ #?????????????????? | | ????# % = #?????????????????? | | ????# #?????????????????? | | ????# ######### #?????????????????? | | ????# # #h ###+######????????? | | ????# !!! """ # ![#pmp R ???????? | | ????# !! """ # |%@% ???????? | | ????# !! """ # % R ???????? | | ????# # ! h #=p ???????? | | ????# # # ???????? | | ????######## # #########+######????????? | | ???????????# # #???????? ?????????????? | | ???????????# # #????????? ????????????? | | ???????????# #u #?????????? ???????????? | | ???????????# R #???????????????????????? | | ???????????# u# #???????????????????????? | | ???????????? "# ????????????????????????? | | ????????????? # ????????????????????????? | | ????????????? ??# ????????????????????????? | | ?????????????????# ????????????????????????? | | ?????????????????# ] ????????????????????????? | | ????????????????????#####????????????????????????? | | ?????????????????????????????????????????????????? | | ?????????????????????????????????????????????????? | | ?????????????????????????????????????????????????? | | ?????????????????????????????????????????????????? | | ?????????????????????????????????????????????????? | | ?????????????????????????????????????????????????? | | ?????????????????????????????????????????????????? | | ?????????????????????????????????????????????????? | | ?????????????????????????????????????????????????? | +----------------------------------------------------+ Best States ------------- Heat Dissipation 70 Energy Generation 18 Energy Capacity 300 Matter Stores 300 Matter Capacity 600 Sight Range 16 Robot Scan Range 15 Terrain Scan Density 10 Armor Coverage 225 Resistance: KI 20 Resistance: TH 20 Resistance: EX 20 Resistance: EM 20 Resistance: I 20 Resistance: S 20 Resistance: P 20 Evasion (%) 65 Melee Accuracy 5 Recoil Reduction 3 Offensive Hacking 30 Relay Coupler Types 2 Relay Coupler Value 66 Item Schematics ----------------- Sensor Array | -8/Materials | Scanalyzed VTOL Module | -8/Materials | Scanalyzed Imp. Signal Interpreter | -8/Materials | Scanalyzed Imp. Sensor Array | -8/Materials | Scanalyzed Hacking Suite | -8/Materials | Scanalyzed Imp. Datajack | -8/Materials | Scanalyzed Surge Thruster | -8/Materials | Scanalyzed Flak Gun | -7/Factory | Scanalyzed Thermic Laser | -6/Factory | Hacked Triangulator | -6/Factory | Scanalyzed Coil Gun | -6/Factory | Scanalyzed Robot Schematics ------------------ None Fabricated ------------ Surge Thruster | x2 | -7/Factory Surge Thruster | x2 | -7/Factory Alien Tech Used ----------------- None Achievements -------------- Can't Catch Me Error 47 Challenges ------------ None Game ------ Seed HeavyLongswordSegregator Manual? 0 Play Time 01:42:58 Cumulative 27.5 hours Start 2025.03.01 @ 11:05:25 End 2025.03.01 @ 14:09:15 Sessions 3 Manual Loads 0 Difficulty Adventurer Special Mode None Game No. 32 Rogue 0 Adventurer 32 Explorer 0 Win Type - Total 0 Types 0/0/0/0/0/0/0/0/0 Lore% 15 Gallery% 30 Achievement% 23 Wizard Run 0 Options --------- Layout 1 ASCII 0 Keyboard 1 Movement Arrows Keybinds 0 Fullscreen 1 Font 32/SmallcapsGlow Map View 77x35 Zoom Use 0% Tactical HUD 1 Map Filters NONE Filters NONE Steam 1 RUN: 65934904-c6ae-4a70-bd25-957b41421e78